 Dungeon Crawl Stone Soup version 0.28.0-53-g5a82cb258f (webtiles) character file.

Game seed: 16178391807606384745

19224 betamax83 the Fighter (level 12, 0/112 HPs)
             Began as a Minotaur Fighter on June 21, 2022.
             Was a Priest of the Shining One.
             Killed from afar by a raiju (2 damage)
             ... with a living lightning
             ... on level 2 of the Abyss.
             The game lasted 01:25:13 (13290 turns).

betamax83 the Fighter (Minotaur Fighter)           Turns: 13290, Time: 01:25:13

Health: 0/112      AC: 33    Str: 25    XL:     12   Next: 34%
Magic:  11/11      EV:  7    Int:  5    God:    the Shining One [***...]
Gold:   581        SH:  6    Dex: 11    Spells: 11/11 levels left

rFire   . . .      SeeInvis .   m - +1 flail (protect)
rCold   . . .      Faith    +   c - +0 buckler
rNeg    + + .      Spirit   .   b - +0 plate armour
rPois   .          Reflect  .   (helmet restricted)
rElec   .          Harm     .   x - +2 cloak
rCorr   .          Rampage  .   A - +2 pair of gloves
Will    .....                   (no boots)
Stlth   ..........              l - amulet of faith
HPRegen 0.28/turn               w - ring of positive energy
MPRegen 0.12/turn               C - +4 ring of protection

@: under a protective aura, glowing
A: horns 2, retaliatory headbutt, [deterioration 2]
a: Renounce Religion, Divine Shield, Cleansing Flame


You were on level 2 of the Abyss.
You worshipped the Shining One.
The Shining One was most pleased with you.
You visited 1 branch of the dungeon, and saw 10 of its levels.
You visited the Abyss 1 time.

You collected 696 gold pieces.
You spent 115 gold pieces at shops.

Inventory:

Hand Weapons
 m - a +1 flail of protection (weapon)
 S - a +5 shortbow of flaming
 T - a +2 flail of holy wrath
Missiles
 k - 12 poisoned darts (quivered)
 q - 3 curare-tipped darts
 D - 68 sling bullets
 G - 174 arrows
 H - 61 bolts
 J - 6 boomerangs
Armour
 b - a +0 plate armour (worn)
 c - a +0 buckler (worn)
 x - a +2 cloak (worn)
 A - a +2 pair of gloves (worn)
Jewellery
 l - an amulet of faith (around neck)
 w - a ring of positive energy (left hand)
 C - a +4 ring of protection (right hand)
 K - a ring of flight
Wands
 s - a wand of paralysis (4)
 E - a wand of flame (17)
 F - a wand of mindburst (14)
Scrolls
 f - a scroll of fear
 i - 2 scrolls of acquirement
 n - a scroll of summoning {unknown}
 o - a scroll of silence {unknown}
 p - 2 scrolls of vulnerability
 t - 3 scrolls of enchant weapon
 v - a scroll of immolation {unknown}
 y - 2 scrolls of amnesia
 B - 4 scrolls of magic mapping
 L - 2 scrolls of holy word {unknown}
 M - 2 scrolls of fog {unknown}
 O - a scroll of teleportation {unknown}
 R - 2 scrolls of blinking {unknown}
Potions
 a - a potion of magic {unknown}
 d - 2 potions of might
 e - 2 potions of heal wounds
 g - 2 potions of lignification
 h - 4 potions of curing
 j - a potion of attraction {unknown}
 r - 3 potions of resistance
 u - 4 potions of degeneration
 z - 3 potions of haste {unknown}
 I - 3 potions of brilliance
 N - 2 potions of cancellation {unknown}


   Skills:
 * Level 12.3 Fighting
 + Level 8.1(11.0) Axes
 + Level 8.6(11.3) Maces & Flails
 + Level 8.0(10.9) Polearms
 + Level 8.3(11.2) Staves
 * Level 12.2 Armour
 + Level 9.0 Shields


You had 11 spell levels left.
You didn't know any spells.
Your spell library contained the following spells:

 Spells                   Type           Power      Damage    Failure   Level
 Magic Dart               Conj           0%         1d3       99%         1
 Shock                    Conj/Air       0%         1d3       99%         1
 Slow                     Hex            0%         N/A       99%         1
 Sting                    Tmut/Pois      0%         1d3       99%         1
 Blink                    Tloc           0%         N/A       100%        2
 Corpse Rot               Necr/Air       0%         N/A       100%        2
 Poisonous Vapours        Pois/Air       0%         N/A       100%        2
 Searing Ray              Conj           0%         2d4       100%        2
 Swiftness                Air            0%         N/A       100%        3
 Airstrike                Air            0%         N/A       100%        4
 Dispel Undead            Necr           0%         3d6       100%        4
 Fulminant Prism          Conj/Hex       0%         3d6       100%        4
 Olgreb's Toxic Radiance  Pois           0%         N/A       100%        4
 Summon Lightning Spire   Summ/Air       0%         N/A       100%        4
 Freezing Cloud           Conj/Ice/Air   0%         6-21      100%        5
 Manifold Assault         Tloc           0%         N/A       100%        5
 Death Channel            Necr           0%         N/A       100%        6
 Simulacrum               Ice/Necr       0%         N/A       100%        6
 Storm Form               Tmut/Air       0%         N/A       100%        7
 Maxwell's Capacitive Co  Air            0%         ∞         100%        8
 Polar Vortex             Ice            0%         N/A       100%        9


Dungeon Overview and Level Annotations

Branches:
Dungeon (12/15)              Lair (0/6) D:11
 Temple: D:4-7          Orc: D:9-12

Altars:
Cheibriados
Dithmenos
Elyvilon
Fedhas
Hepliaklqana
Okawaru
The Shining One
Beogh

Shops:
D:2 *   D:9 ?   D:10 *

Annotations:
Abyss:1 Grinder


Innate Abilities, Weirdness & Mutations

You have a pair of horns on your head.
You reflexively headbutt those who attack you in melee.
[Your body often deteriorates upon taking damage.]


Message History

The raiju is lightly wounded.
The raiju bursts into living lightning!
The living lightning misses you.
The raiju blinks!
You hit the raiju but do no damage.
The raiju is lightly wounded.
The raiju bites you but does no damage.
You bludgeon the small abomination!! You headbutt the small abomination!
You destroy the small abomination!
That felt strangely unrewarding.
The raiju bites you but does no damage.
You barely miss the raiju. Your headbutt misses the raiju. The raiju bites you.
* * * LOW HITPOINT WARNING * * *
The raiju shocks you!
* * * LOW HITPOINT WARNING * * *
The raiju bites you.
* * * LOW HITPOINT WARNING * * *
The raiju shocks you!
* * * LOW HITPOINT WARNING * * *
You closely miss the raiju. The raiju completely misses you.
The raiju bites you but does no damage.
You sock the raiju!
The raiju is lightly wounded.
The raiju bites you but does no damage.
You completely miss the raiju.
The raiju is lightly wounded.
The raiju bursts into living lightning!
The living lightning hits you but does no damage.
The living lightning misses the raiju.
The raiju blinks!
You barely miss the raiju. Your headbutt misses the raiju.
The raiju is lightly wounded.
The raiju bites you but does no damage.
The raiju bursts into living lightning!
The living lightning hits the raiju.
The raiju completely resists.
The living lightning hits you.
* * * LOW HITPOINT WARNING * * *
The raiju blinks!
The wretched star glows turbulently.
The lance of force hits you but does no damage.
The raiju bursts into living lightning!
The living lightning hits you.
You die...

# . #. . #
#..#
#####.... #
###.........
.
#..@*#.....
.
##h.h....§.
#.###......
## . ......
. ###.... .
≈ ... .. .


You could see a wretched star and 2 raiju.

Vanquished Creatures
  A hydra (D:12)
  3 two-headed ogres
  An orc high priest (D:12)
  2 thrashing horrors (Abyss:2)
  7 ugly things (D:12)
  3 cyclopes (D:11)
  2 centaur zombies
  A gargoyle (D:12)
  A smoke demon (Abyss:2)
  Maggie (D:6)
  2 kobold demonologists
  Psyche (D:9)
  A komodo dragon (D:11)
  6 trolls
  A hornet (D:11)
  2 slime creatures (D:12)
  A raiju (Abyss:2)
  A meliai zombie (D:10)
  A shadow (D:10)
  6 yaks (D:10)
  3 wraiths
  A chaos spawn (Abyss:2)
  A steam dragon (D:5)
  Edmund (D:6)
  2 acid dragons
  A small abomination (Abyss:2)
  8 orc warriors
  A sky beast (D:6)
  2 necrophages
  A black bear (D:6)
  6 centaurs (D:11)
  A phantom (D:5)
  A kobold brigand (D:9)
  A bullfrog (D:6)
  4 scorpions
  A water moccasin skeleton (D:5)
  8 wights (D:9)
  A howler monkey (D:12)
  2 bullfrog zombies (D:6)
  2 jellies
  A hound (D:5)
  A bullfrog skeleton (D:5)
  A gnoll shaman (D:9)
  4 iguanas
  9 orc wizards
  A hound zombie (D:5)
  12 adders
  7 gnolls
  A white imp (D:5)
  2 worms
  3 dart slugs
  30 orcs
  8 endoplasms
  A giant cockroach (D:2)
  7 hobgoblins
  4 jackals (D:3)
  3 quokkas
  6 ball pythons
  6 bats
  3 frilled lizards
  5 goblins
  10 kobolds
  4 rats
221 creatures vanquished.

Vanquished Creatures (others)
  2 orcs (D:9)
  A frilled lizard (D:2)
  2 fungi (D:2)
  8 plants
13 creatures vanquished.

Grand Total: 234 creatures vanquished

Notes
Turn   | Place    | Note
-------+----------+-------------------------------------------
     0 | D:1      | betamax83 the Minotaur Fighter began the quest for the Orb.
     0 | D:1      | Reached XP level 1. HP: 19/19 MP: 0/0
   666 | D:1      | Reached XP level 2. HP: 27/27 MP: 1/1
  1310 | D:2      | Found Niuzios's General Store.
  1410 | D:2      | Found a faded altar of an unknown god.
  1538 | D:2      | Got Plato's Compendium of Incorporation
  1562 | D:2      | Reached XP level 3. HP: 33/33 MP: 2/2
  1643 | D:2      | Found the +5 robe of Night {Dark Will+ SInv}
  2400 | D:3      | Reached skill level 1 in Axes
  2858 | D:3      | Reached skill level 1 in Staves
  2875 | D:3      | Reached XP level 4. HP: 21/41 MP: 3/3
  3414 | D:3      | Reached skill level 1 in Polearms
  3724 | D:3      | Identified the +1 robe of Pragmatism {rC- Int+2 Dex+7}
  4063 | D:4      | Noticed a necrophage
  4072 | D:4      | Killed a necrophage
  4073 | D:4      | Reached skill level 5 in Fighting
  4073 | D:4      | Reached XP level 5. HP: 41/48 MP: 4/4
  4175 | D:4      | Reached skill level 5 in Armour
  4175 | D:4      | Reached XP level 6. HP: 38/56 MP: 5/5
  4507 | D:4      | Found a white marble altar of Elyvilon.
  5246 | D:5      | Entered Level 5 of the Dungeon
  5260 | D:5      | Reached XP level 7. HP: 43/62 MP: 6/6
  5368 | D:5      | Found a blossoming altar of Fedhas.
  5436 | D:5      | Noticed a steam dragon
  5486 | D:5      | Killed a steam dragon
  5732 | D:5      | Found a glowing golden altar of the Shining One.
  5737 | D:5      | Became a worshipper of the Shining One
  5843 | D:5      | Reached skill level 5 in Shields
  6067 | D:5      | Reached XP level 8. HP: 71/71 MP: 7/7
  6304 | D:6      | Noticed Edmund
  6336 | D:6      | Killed Edmund
  6528 | D:6      | Noticed Maggie
  6537 | D:6      | Killed Maggie
  6568 | D:6      | Reached * piety under the Shining One
  6762 | D:6      | Reached skill level 5 in Maces & Flails
  6800 | D:6      | Noticed Grinder
  6821 | D:6      | Banished Grinder
  6822 | D:6      | Reached XP level 9. HP: 80/80 MP: 4/8
  7066 | D:6      | You fall into a shaft and drop 3 floors!
  7204 | D:9      | Found Lixiusa's Magic Scroll Shop.
  7354 | D:9      | Bought a scroll of enchant armour for 75 gold pieces
  7354 | D:9      | Bought a scroll of identify for 20 gold pieces
  7354 | D:9      | Bought a scroll of identify for 20 gold pieces
  7360 | D:9      | Identified 2 scrolls of acquirement
  7468 | D:9      | Reached ** piety under the Shining One
  7483 | D:9      | Noticed Psyche
  7492 | D:9      | Reached skill level 5 in Staves
  7493 | D:9      | Killed Psyche
  7656 | D:9      | Noticed a troll
  7674 | D:9      | Killed a troll
  7675 | D:9      | Reached skill level 5 in Axes
  7678 | D:9      | Reached skill level 5 in Polearms
  7686 | D:9      | Noticed a kobold demonologist
  7704 | D:9      | Killed a kobold demonologist
  7815 | D:9      | Found an iron altar of Okawaru.
  7946 | D:9      | Found a snail-covered altar of Cheibriados.
  8096 | D:10     | Entered Level 10 of the Dungeon
  8103 | D:10     | Noticed a kobold demonologist
  8121 | D:10     | Killed a kobold demonologist
  8122 | D:10     | Reached XP level 10. HP: 91/91 MP: 9/9
  8189 | D:10     | Found Geh Fugi's Assorted Antiques.
  8342 | D:10     | Found a shadowy altar of Dithmenos.
  8343 | D:10     | Found a hazy altar of Hepliaklqana.
  8376 | D:10     | Noticed a two-headed ogre
  8386 | D:10     | Banished a two-headed ogre
  8387 | D:10     | Noticed a two-headed ogre
  8406 | D:10     | Killed a two-headed ogre
  8407 | D:10     | Reached skill level 10 in Fighting
  8407 | D:10     | Reached skill level 10 in Armour
  8863 | D:10     | Reached *** piety under the Shining One
  9382 | D:10     | Noticed a two-headed ogre
  9389 | D:10     | Killed a two-headed ogre
  9390 | D:10     | Reached XP level 11. HP: 76/101 MP: 10/10
  9852 | D:11     | Noticed a fire dragon
  9864 | D:11     | Banished a fire dragon
 10183 | D:11     | Found a staircase to the Lair.
 10465 | D:11     | Paralysed by a hornet for 1 turns
 10602 | D:11     | Noticed a centaur warrior
 10614 | D:11     | Banished a centaur warrior
 11726 | D:12     | Noticed a seven-headed hydra
 11743 | D:12     | Killed a seven-headed hydra
 11873 | D:12     | Noticed a cyan ugly thing
 11904 | D:12     | Killed a cyan ugly thing
 12102 | D:12     | Noticed a two-headed ogre
 12112 | D:12     | Killed a two-headed ogre
 12286 | D:12     | Found a runed translucent door.
 12301 | D:12     | Noticed an orc high priest
 12319 | D:12     | Reached XP level 12. HP: 102/112 MP: 11/11
 12367 | D:12     | Killed an orc high priest
 13080 | D:12     | Cast into level 2 of the Abyss (a wizard)
 13289 | Abyss:2  | HP: 2/112 [raiju/living lightning (6)]
 13290 | Abyss:2  | Killed from afar by a raiju

Illustrated notes

Levels and vault maps discovered:
D:1:      heliophobic_arrival_dark_side_of_the_moon, layout_loops_corners,
          hangedman_abyss_or_decor_stabs, minmay_tripent
D:2:      layout_loops_cross, serial_shops, nicolae_shop_behind_doors,
          shapermc_ecumenical_altar_rom_forum
D:3:      layout_basic
D:4:      layout_basic, mainiacjoe_overflow_concentric_impassable
D:5:      layout_rooms, kennysheep_mini_moat, fedhas_altar_1,
          uniq_crazy_yiuf_cottage
D:6:      layout_loops_corners, gammafunk_temple_overflow_wave, nicolae_sextant,
          uniq_edmund, uniq_maggie, uniq_grinder
D:9:      layout_loops_ring, nicolae_overflow_hidden_temple, serial_shops,
          shop_statue, mrwooster_statue_mirror, uniq_psyche
D:10:     layout_long_grid, riverfiend_overflow_shadow_ancestor, serial_shops,
          shop_statue, minmay_joined_circles
D:11:     layout_basic, minmay_lair_entry_lava
D:12:     cheibrodos_breeding_chamber, layout_rooms, hiddenorc1_lemuel,
          lightli_church_of_beogh
Abyss:2:  base:
D:10

Skill      XL: |  1  2  3  4  5  6  7  8  9 10 11 12 |
---------------+-------------------------------------+-----
Armour         | 4 5 6 7 9 10 11 12 | 12.2
Fighting       | 4 5 6 7 9 10 11 12 | 12.3
Axes           | 1 2 3 4 5 6 7 8 |  8.1
Staves         | 1 2 3 4 5 6 7 8 |  8.3
Shields        | 4 5 6 7 8 9 |  9.0
Polearms       | 1 2 3 4 5 6 7 8 |  8.0
Maces & Flails | 3 4 5 6 7 8 |  8.6

Action                   |  1- 3 |  4- 6 |  7- 9 | 10-12 || total
-------------------------+-------+-------+-------+-------++-------
Melee: Flail             |   132 |   100 |   181 |   358 ||   771
       Headbutt          |    14 |    21 |    35 |   111 ||   181
Throw: Dart              |    18 |       |     4 |    14 ||    36
       Stone             |     9 |    12 |    19 |    12 ||    52
Invok: Divine Shield     |       |       |     4 |     1 ||     5
  Use: Scroll            |       |       |    10 |     6 ||    16
Armor: Scale mail        |    66 |    50 |    41 |       ||   157
       Acid dragon scale |       |       |    26 |       ||    26
       Plate armour      |       |       |    26 |   285 ||   311
Dodge: Dodged            |    54 |    42 |    76 |   116 ||   288
Block: Buckler           |    22 |    15 |    51 |   104 ||   192
